 Dungeon Crawl Stone Soup version 0.30.0-19-g36f170ea60 (webtiles) character file.

Game seed: 7336117839468797048

5438 workbot the Cleaver (level 10, 0/94 HPs)
             Began as a Minotaur Berserker on May 29, 2023.
             Was an Elder of Trog.
             Slain by a six-headed hydra (6 damage)
             ... on level 10 of the Dungeon on June 1, 2023.
             The game lasted 00:17:57 (8039 turns).

workbot the Cleaver (Minotaur Berserker)            Turns: 8039, Time: 00:17:58

Health: 0/94       AC: 21    Str: 29 (30) XL:     10   Next: 41%
Magic:  9/9        EV:  8    Int:  0 (2)  God:    Trog [****..]
Gold:   570        SH:  2    Dex:  6      Spells: 9/9 levels left

rFire   . . .        B - +0 mace
rCold   . . .        C - +0 buckler
rNeg    . . .        g - +1 plate armour of Indomitability {Will+ Str+3 Dex-3 Stlth+}
rPois   .            (helmet restricted)
rElec   .            (no cloak)
rCorr   .            i - +0 pair of gloves
SInv    +            t - +0 pair of boots
Will    +++..        k - amulet of magic regeneration Stlth
                     d - ring of see invisible
HPRegen 1.35/turn    r - ring of Qaggocs {Fly AC+4 Str+2 Int-4}
MPRegen 0.51/turn

%: no passive effects
@: strong-willed, flying, regenerating, slowed, lost intelligence, unable to
read, very slow
A: horns 2, retaliatory headbutt
a: Renounce Religion, Berserk, Trog's Hand, Brothers in Arms


You were on level 10 of the Dungeon.
You worshipped Trog.
Trog was greatly pleased with you.
You visited 1 branch of the dungeon, and saw 10 of its levels.

You collected 570 gold pieces.

Inventory:

Hand Weapons
 a - a +0 hand axe
 B - a +0 mace (weapon)
Armour
 g - the +1 plate armour of Indomitability (worn) {Will+ Str+3 Dex-3 Stlth+}
   (You acquired it on level 5 of the Dungeon)

   Str:       It affects your strength (+3).
   Dex:       It affects your dexterity (-3).
   Will:      It increases your willpower.
   Stlth:     It makes you more stealthy.
 i - a +0 pair of gloves (worn)
 t - a +0 pair of boots (worn)
 C - a +0 buckler (worn)
Jewellery
 d - a ring of see invisible (left hand)
 k - an amulet of magic regeneration (around neck)
 r - the ring of Qaggocs (right hand) {Fly AC+4 Str+2 Int-4}
   (You found it on level 3 of the Dungeon)

   [ring of protection]

   AC:        It affects your AC (+4).
   Str:       It affects your strength (+2).
   Int:       It affects your intelligence (-4).
   Fly:       It grants you flight.
Wands
 s - a wand of light (2)
 v - a wand of digging (1)
 A - a wand of mindburst (12)
 G - a wand of charming (8)
 H - a wand of iceblast (8)
Scrolls
 b - 2 scrolls of fear
 c - 8 scrolls of teleportation
 j - 3 scrolls of blinking
 n - a scroll of enchant weapon
 o - a scroll of silence {unknown}
 w - 3 scrolls of magic mapping
 x - a scroll of poison
 y - a scroll of butterflies {unknown}
 D - a scroll of fog {unknown}
 F - 2 scrolls of torment
 I - a scroll of amnesia {unknown}
Potions
 e - a potion of invisibility {unknown}
 f - 3 potions of curing
 h - 4 potions of lignification
 l - a potion of magic {unknown}
 m - a potion of berserk rage {unknown}
 p - 4 potions of heal wounds
 q - a potion of ambrosia
 u - a potion of flight {unknown}
 z - a potion of attraction {unknown}
 E - a potion of might {unknown}


   Skills:
 * Level 10.9 Fighting
 - Level 14.0 Axes
 + Level 7.7 Armour
 - Level 2.1 Dodging


You had 9 spell levels left.
You didn't know any spells.
Your spell library was empty.

Dungeon Overview and Level Annotations

Branches:
Dungeon (10/15)            Temple (0/1) D:7
   Lair: D:8-11         Orc: D:9-12

Altars:
Sif Muna
Uskayaw


Innate Abilities, Weirdness & Mutations

You have a pair of horns on your head.
You reflexively headbutt those who attack you in melee.


Message History

The six-headed hydra bites you but does no damage.
The yak gores you.
Your skin crawls.
You feel strong-willed.
Your ogre hits the six-headed hydra with a +0 giant club!!
The six-headed hydra closely misses you.
The six-headed hydra bites you! The six-headed hydra bites you. x2
The six-headed hydra barely misses you. The six-headed hydra bites you.
A yak comes into view.
The yak gores you.
The six-headed hydra bites you but does no damage.
The six-headed hydra barely misses you.
The six-headed hydra bites you but does no damage.
The six-headed hydra bites you! The six-headed hydra bites you.
* * * LOW HITPOINT WARNING * * *
The six-headed hydra bites you but does no damage.
You feel much better.
Your ogre completely misses the six-headed hydra.
The yak gores you.
The six-headed hydra bites you but does no damage. x2
The six-headed hydra completely misses you.
The six-headed hydra bites you. The six-headed hydra bites you! x2
Your ogre barely misses the six-headed hydra.
The yak gores you. The yak gores your ogre.
You hit the six-headed hydra but do no damage.
The six-headed hydra is moderately wounded.
The six-headed hydra bites you. x2
* * * LOW HITPOINT WARNING * * *
The six-headed hydra bites you!
* * * LOW HITPOINT WARNING * * *
The six-headed hydra bites you but does no damage.
The six-headed hydra barely misses you.
The six-headed hydra bites you but does no damage.
Your ogre hits the six-headed hydra with a +0 giant club!
The yak gores your ogre!
A yak comes into view.
The six-headed hydra bites you!
* * * LOW HITPOINT WARNING * * *
The six-headed hydra bites you.
You die...

... ....~ ..
..........~~~≈~~ #
................
....$............#
................#
#..............#
..#....Y.........#
.Y......Y........########
....Y.YD@...........)....
.......O...........))..†.
!...................))...
.....................)...
#######....###########).)
........# ..........
........# ..........
.........# ..........
.........# .........<


You could see a six-headed hydra (ally target), 5 yaks and a friendly ogre
(summoned, berserk).

Vanquished Creatures
  A troll (D:9)
  A hornet (D:8)
  Eustachio (D:5)
  A shadow (D:9)
  2 yaks (D:9)
  2 wyverns
  3 steam dragons
  2 water moccasins
  2 orc warriors (D:9)
  2 black bears
  An ogre (D:6)
  A centaur (D:5)
  A phantom (D:6)
  3 kobold brigands
  5 bullfrogs
  3 scorpions
  10 wights
  13 killer bees
  6 electric eels (D:5)
  2 howler monkeys
  6 hounds
  A jelly (D:6)
  4 orc priests
  3 sleepcaps
  9 orc wizards
  4 gnolls (D:2)
  8 adders
  A shadow imp (D:6)
  A white imp (D:5)
  2 ufetubi
  4 worms
  4 dart slugs
  31 orcs
  9 bats
  7 endoplasms
  5 giant cockroaches
  7 goblins
  4 hobgoblins
  2 jackals (D:3)
  6 quokkas
  6 ball pythons
  A frilled lizard (D:2)
  23 kobolds
  8 rats
218 creatures vanquished.

Notes
Turn   | Place    | Note
-------+----------+-------------------------------------------
     0 | D:1      | workbot the Minotaur Berserker began the quest for the Orb.
     0 | D:1      | Reached XP level 1. HP: 19/19 MP: 0/0
   113 | D:1      | Reached skill level 4 in Axes
   132 | D:1      | Reached XP level 2. HP: 26/26 MP: 1/1
   376 | D:1      | Reached skill level 5 in Axes
   402 | D:1      | Reached XP level 3. HP: 26/31 MP: 2/2
   930 | D:2      | Reached ** piety under Trog
  1144 | D:2      | Found a faded altar of an unknown god.
  1152 | D:2      | Reached skill level 6 in Axes
  1152 | D:2      | Reached XP level 4. HP: 39/39 MP: 3/3
  1228 | D:2      | Found a shimmering blue altar of Sif Muna.
  1524 | D:3      | Identified the ring of Qaggocs {Fly AC+4 Str+2 Int-4}
  1526 | D:3      | Lost intelligence.
  1700 | D:3      | Reached XP level 5. HP: 38/45 MP: 4/4
  1753 | D:3      | Reached skill level 7 in Axes
  2227 | D:4      | Noticed a black bear
  2236 | D:4      | Killed a black bear
  2237 | D:4      | Reached skill level 8 in Axes
  2237 | D:4      | Reached XP level 6. HP: 51/51 MP: 5/5
  2787 | D:4      | Reached *** piety under Trog
  2910 | D:5      | Entered Level 5 of the Dungeon
  2983 | D:5      | Reached skill level 9 in Axes
  3154 | D:5      | Reached XP level 7. HP: 28/57 MP: 6/6
  3346 | D:5      | Reached skill level 10 in Axes
  3456 | D:5      | Noticed Eustachio
  3491 | D:5      | Killed Eustachio
  3723 | D:5      | Reached skill level 11 in Axes
  4019 | D:5      | Reached XP level 8. HP: 36/64 MP: 7/7
  4157 | D:5      | Identified a scroll of acquirement
  4158 | D:5      | Acquired the +1 plate armour of Indomitability {Will+ Str+3
                  | Dex-3 Stlth+}
  4291 | D:6      | Reached skill level 12 in Axes
  4610 | D:6      | Found a hide-covered altar of Uskayaw.
  4713 | D:6      | Reached skill level 13 in Axes
  4991 | D:7      | Found a staircase to the Ecumenical Temple.
  5017 | D:7      | Reached skill level 14 in Axes
  5130 | D:7      | Reached XP level 9. HP: 72/72 MP: 8/8
  5134 | D:7      | Reached **** piety under Trog
  5135 | D:7      | Reached skill level 5 in Fighting
  5692 | D:8      | Paralysed by a hornet for 3 turns
  5939 | D:8      | Reached skill level 5 in Armour
  6595 | D:9      | Reached XP level 10. HP: 59/91 MP: 9/9
  6864 | D:9      | Lost intelligence.
  7287 | D:9      | Reached skill level 10 in Fighting
  7651 | D:10     | Entered Level 10 of the Dungeon
  7757 | D:10     | Noticed a six-headed hydra
  7955 | D:10     | Reached ***** piety under Trog
  8039 | D:10     | Slain by a six-headed hydra

Illustrated notes

Levels and vault maps discovered:
D:1:      eino_arrival_cavern_d, layout_basic, grunt_decor_cap,
          minmay_split_cup_small
D:2:      layout_rooms, hellmonk_ecumenical_altar_lost_god, basic_altar
D:3:      layout_basic, minmay_stone_trees_large
D:4:      layout_basic, minmay_surrounded
D:5:      cheibrodos_two_vegetables, layout_loops_ring, uniq_eustachio
D:6:      layout_cave_pools, mainiacjoe_overflow_alcove_1
D:7:      layout_rooms, temple_pool_b
D:8:      layout_loops_cross
D:9:      layout_long_grid, nicolae_lava_and_water
D:10:     layout_grid_maze, erik_lair_island, dk_noncrumbling_3,
          nicolae_twisting_strands, uniq_fannar

Skill      XL: |  1  2  3  4  5  6  7  8  9 10 |
---------------+-------------------------------+-----
Axes           | 4 5 6 8 9 11 14 | 14.0
Fighting       | 4 9 10 | 10.9
Armour         | 6 7 |  7.7
Dodging        | |  2.1

Action                     |  1- 3 |  4- 6 |  7- 9 | 10-12 || total
---------------------------+-------+-------+-------+-------++-------
  Melee: Hand axe          |    96 |   140 |   264 |   118 ||   618
         Headbutt          |     9 |    14 |    36 |    14 ||    73
         Punch             |       |       |     3 |       ||     3
         Mace              |       |       |       |     1 ||     1
 Invoke: Berserk           |     3 |     5 |     6 |     1 ||    15
         Trog's Hand       |       |       |       |     1 ||     1
         Brothers in Arms  |       |       |       |     1 ||     1
    Use: Scroll            |     1 |     3 |     5 |     3 ||    12
         Potion            |       |       |       |     5 ||     5
 Armour: Animal skin       |     5 |       |       |       ||     5
         Leather armour    |    16 |       |       |       ||    16
         Chain mail        |    13 |       |       |       ||    13
         Storm dragon scal |     2 |    99 |    20 |       ||   121
         Plate armour      |       |       |   101 |   121 ||   222
  Dodge: Dodged            |    61 |    42 |    82 |    70 ||   255
  Block: Buckler           |       |       |     6 |    15 ||    21
